3AAA
SYLVANIA MAPLE LEAVES @ WARWICK HUNCHBACKS
06/21/2017
 
TOP OF THE 1ST
Sylvania Maple Leaves batting - Pitching for Warwick Hunchbacks : RHP Pat Brown
Pitching: RHP Pat Brown
Batting: RHB Abdurahman Paloka 0-0: Ball
1-0: Called Strike
1-1: Foul Ball, location: 2F
1-2: SINGLE (Groundball, 56D)
Batting: RHB Bartolo García 0-0: Ball
1-0: Foul Ball, location: 2F
1-1: Called Strike
1-2: Strikes out swinging
Batting: RHB Jim Unknown 0-0: 2-RUN HOME RUN (Flyball, 7D), Distance : 372 ft
Batting: LHB Jim Vaughan 0-0: Called Strike
0-1: Ball
1-1: Foul Ball, location: 2F
1-2: Ball
2-2: Fly out, F3 (Popup, 3F)
Batting: LHB Chris Randolph 0-0: Ball
1-0: Called Strike
1-1: Called Strike
1-2: Ball
2-2: Foul Ball, location: 2F
2-2: Strikes out swinging
Top of the 1st over - 2 run(s), 2 hit(s), 0 error(s), 0 left on base; Sylvania 2 - Warwick 0
BOTTOM OF THE 1ST
Warwick Hunchbacks batting - Pitching for Sylvania Maple Leaves : RHP Greg Beaver
Pitching: RHP Greg Beaver
Batting: RHB Greg Robinson 0-0: Ball
1-0: Ball
2-0: Foul Ball, location: 2F
2-1: Ball
3-1: Base on Balls
Batting: LHB Dave Harris 0-0: Called Strike
0-1: Ball
1-1: Ball
2-1: Ball
3-1: Foul Ball, location: 2F
3-2: SINGLE (Line Drive, 8RS)
Greg Robinson to second
Runner from 2nd tries for 3rd, SAFE, no throw or cutoff
Batting: RHB Chris Simons 0-0: Ball
1-0: Swinging Strike
1-1: 3-RUN HOME RUN (Flyball, 78XD), Distance : 412 ft
Batting: RHB Tim Godwin 0-0: Swinging Strike
0-1: Foul Ball, location: 2F
0-2: Ground out 1-3 (Groundball, 23)
Batting: LHB Ted Cracknell 0-0: Ball
1-0: Ball
2-0: Foul Ball, location: 2F
2-1: Swinging Strike
2-2: SINGLE (Line Drive, 56)
Batting: RHB Julián Rocha 0-0: Ball
1-0: Ball
2-0: Foul Ball, location: 2F
2-1: Ball
3-1: Base on Balls
Ted Cracknell to second
Batting: RHB Ronald Sánchez 0-0: Foul Ball, location: 2F
0-1: Ball
1-1: Ball
2-1: Called Strike
2-2: Foul Ball, location: 2F
2-2: Foul Ball, location: 2F
2-2: Ball
3-2: Strikes out swinging
Batting: LHB Javier Pérez 0-0: Called Strike
0-1: Ball
1-1: SINGLE (Flyball, 78S)
Ted Cracknell to third
Julián Rocha to second
Batting: RHB On Seow 0-0: Called Strike
0-1: Ball
1-1: Ball
2-1: GRAND SLAM HOME RUN (Line Drive, 7D), Distance : 403 ft
Batting: RHB Greg Robinson 0-0: Ball
1-0: Called Strike
1-1: Ball
2-1: Swinging Strike
2-2: Ball
3-2: Foul Ball, location: 2F
3-2: Strikes out swinging
Bottom of the 1st over - 7 run(s), 5 hit(s), 0 error(s), 0 left on base; Sylvania 2 - Warwick 7
TOP OF THE 2ND
Sylvania Maple Leaves batting - Pitching for Warwick Hunchbacks : RHP Pat Brown
Batting: RHB José Valdéz 0-0: Ball
1-0: Ball
2-0: Ground out 1-3 (Groundball, 15S)
Batting: RHB Jim Unknown 0-0: Called Strike
0-1: Ball
1-1: SOLO HOME RUN (Flyball, 8LXD), Distance : 435 ft
Batting: RHB Bob MacGruder 0-0: Ball
1-0: Called Strike
1-1: SINGLE (Flyball, 89M)
Batting: LHB Jim Unknown 0-0: Ball
1-0: Ball
2-0: Called Strike
2-1: Foul Ball, location: 2F
2-2: Foul Ball, location: 2F
2-2: Ball
3-2: Foul Ball, location: 2F
3-2: Base on Balls
Bob MacGruder to second
Batting: RHB Abdurahman Paloka 0-0: Foul Ball, location: 2F
0-1: Ball
1-1: Ball
2-1: SINGLE (Line Drive, 78M)
Bob MacGruder to third
Jim Unknown to second
Batting: RHB Bartolo García 0-0: Ball
1-0: Swinging Strike
1-1: Swinging Strike
1-2: Strikes out looking
Batting: RHB Jim Unknown 0-0: Ball
1-0: Foul Ball, location: 2F
1-1: Ball
2-1: Ball
3-1: Foul Ball, location: 2F
3-2: Strikes out looking
Top of the 2nd over - 1 run(s), 3 hit(s), 0 error(s), 3 left on base; Sylvania 3 - Warwick 7
BOTTOM OF THE 2ND
Warwick Hunchbacks batting - Pitching for Sylvania Maple Leaves : RHP Greg Beaver
Batting: LHB Dave Harris 0-0: Called Strike
0-1: Ball
1-1: Fly out, F5 (Popup, 5F)
Batting: RHB Chris Simons Single, Error in OF, E9, batter to second base
Pitching: RHP Alejandro González
Batting: RHB Tim Godwin 0-0: Ball
1-0: Ball
2-0: Fly out, F1 (Popup, 25)
Batting: LHB Ted Cracknell 0-0: Called Strike
0-1: Foul Ball, location: 2F
0-2: Strikes out swinging
Bottom of the 2nd over - 0 run(s), 1 hit(s), 1 error(s), 1 left on base; Sylvania 3 - Warwick 7
TOP OF THE 3RD
Sylvania Maple Leaves batting - Pitching for Warwick Hunchbacks : RHP Pat Brown
Batting: LHB Jim Vaughan 0-0: Ball
1-0: SINGLE (Groundball, 34)
Batting: LHB Chris Randolph 0-0: Ball
1-0: Called Strike
1-1: Fly out, F8 (Flyball, 8RXD)
Batting: RHB José Valdéz 0-0: Foul Ball, location: 2F
0-1: Reaches on Catchers interference
Jim Vaughan to second
Batting: RHB Jim Unknown 0-0: Ball
1-0: Called Strike
1-1: Ball
2-1: Swinging Strike
2-2: Strikes out swinging
Batting: RHB Bob MacGruder 0-0: Called Strike
0-1: Ball
1-1: Foul Ball, location: 2F
1-2: Foul Ball, location: 2F
1-2: Fly out, F3 (Popup, 3SF)
Top of the 3rd over - 0 run(s), 1 hit(s), 1 error(s), 2 left on base; Sylvania 3 - Warwick 7
BOTTOM OF THE 3RD
Warwick Hunchbacks batting - Pitching for Sylvania Maple Leaves : RHP Alejandro González
Batting: RHB Julián Rocha 0-0: Ball
Error on foul ball, E5
1-1: Foul Ball, location: 2F
1-2: Ball
2-2: Foul Ball, location: 2F
2-2: Ball
3-2: Foul Ball, location: 2F
3-2: Fly out, F7 (Flyball, 78M)
Batting: RHB Ronald Sánchez 0-0: Called Strike
0-1: Foul Ball, location: 2F
0-2: Ball
1-2: Ball
2-2: Strikes out swinging
Batting: LHB Javier Pérez 0-0: Ball
1-0: Ball
2-0: SINGLE (Line Drive, 4MD)
Batting: RHB On Seow 0-0: Ball
Javier Pérez steals 2nd base
1-0: Called Strike
1-1: Foul Ball, location: 2F
1-2: Ball
2-2: Ball
3-2: Foul Ball, location: 2F
3-2: Foul Ball, location: 2F
3-2: Strikes out swinging
Bottom of the 3rd over - 0 run(s), 1 hit(s), 1 error(s), 1 left on base; Sylvania 3 - Warwick 7
TOP OF THE 4TH
Sylvania Maple Leaves batting - Pitching for Warwick Hunchbacks : RHP Pat Brown
Batting: LHB Jim Unknown 0-0: Swinging Strike
0-1: Called Strike
0-2: Strikes out swinging
Batting: RHB Abdurahman Paloka 0-0: Ball
1-0: Called Strike
1-1: Foul Ball, location: 2F
1-2: Foul Ball, location: 2F
1-2: Fly out, F8 (Flyball, 89D)
Batting: RHB Bartolo García 0-0: Swinging Strike
0-1: Ball
1-1: Ball
2-1: Fly out, F7 (Line Drive, 7M)
Top of the 4th over - 0 run(s), 0 hit(s), 0 error(s), 0 left on base; Sylvania 3 - Warwick 7
BOTTOM OF THE 4TH
Warwick Hunchbacks batting - Pitching for Sylvania Maple Leaves : RHP Alejandro González
Batting: RHB Greg Robinson 0-0: Foul Ball, location: 2F
0-1: Ball
1-1: Ball
2-1: Foul Ball, location: 2F
2-2: Ball
3-2: Foul Ball, location: 2F
3-2: Foul Ball, location: 2F
3-2: SINGLE (Line Drive, 89S)
Batting: LHB Dave Harris 0-0: Ball
1-0: Foul Ball, location: 2F
1-1: Ball
2-1: 2-RUN HOME RUN (Flyball, 89XD), Distance : 389 ft
Pitching: RHP Dave Conley
Batting: RHB Chris Simons 0-0: Called Strike
0-1: Ball
1-1: Ball
2-1: Swinging Strike
2-2: Strikes out swinging
Batting: RHB Tim Godwin 0-0: Called Strike
0-1: Swinging Strike
0-2: Strikes out swinging
Batting: LHB Ted Cracknell 0-0: Foul Ball, location: 2F
0-1: Swinging Strike
0-2: Ball
1-2: Foul Ball, location: 2F
1-2: Ground out 6-3 (Groundball, 6)
Bottom of the 4th over - 2 run(s), 2 hit(s), 0 error(s), 0 left on base; Sylvania 3 - Warwick 9
TOP OF THE 5TH
Sylvania Maple Leaves batting - Pitching for Warwick Hunchbacks : RHP Pat Brown
Batting: RHB Jim Unknown 0-0: Ball
1-0: Ball
2-0: Foul Ball, location: 2F
2-1: Called Strike
2-2: Foul Ball, location: 2F
2-2: Ball
3-2: Strikes out swinging
Batting: LHB Jim Vaughan 0-0: Foul Ball, location: 2F
0-1: Ball
1-1: Ball
2-1: Ball
3-1: Foul Ball, location: 2F
3-2: Foul Ball, location: 2F
3-2: Ground out 1-3 (Groundball, 13)
Batting: LHB Chris Randolph 0-0: Called Strike
0-1: Ball
1-1: Called Strike
1-2: Foul Ball, location: 2F
1-2: Ball
2-2: Strikes out looking
Top of the 5th over - 0 run(s), 0 hit(s), 0 error(s), 0 left on base; Sylvania 3 - Warwick 9
BOTTOM OF THE 5TH
Warwick Hunchbacks batting - Pitching for Sylvania Maple Leaves : RHP Dave Conley
Batting: RHB Julián Rocha 0-0: Ball
1-0: Ball
2-0: Called Strike
2-1: Foul Ball, location: 2F
2-2: Ball
3-2: Strikes out swinging
Batting: RHB Ronald Sánchez 0-0: Ball
1-0: Ball
2-0: Ball
3-0: Called Strike
3-1: Swinging Strike
3-2: Foul Ball, location: 2F
3-2: Foul Ball, location: 2F
3-2: Ground out 6-3 (Groundball, 6M)
Batting: LHB Javier Pérez 0-0: Fly out, F7 (Line Drive, 7M)
Bottom of the 5th over - 0 run(s), 0 hit(s), 0 error(s), 0 left on base; Sylvania 3 - Warwick 9
TOP OF THE 6TH
Sylvania Maple Leaves batting - Pitching for Warwick Hunchbacks : RHP Pat Brown
Batting: RHB José Valdéz 0-0: Fly out, F6 (Line Drive, 6)
Batting: RHB Jim Unknown 0-0: Ball
1-0: Ball
2-0: Swinging Strike
2-1: Ground out 1-3 (Groundball, 13S)
Batting: RHB Bob MacGruder 0-0: Ball
1-0: Ball
2-0: Called Strike
2-1: Fly out, F8 (Flyball, 8RM)
Top of the 6th over - 0 run(s), 0 hit(s), 0 error(s), 0 left on base; Sylvania 3 - Warwick 9
BOTTOM OF THE 6TH
Warwick Hunchbacks batting - Pitching for Sylvania Maple Leaves : RHP Dave Conley
Batting: RHB On Seow 0-0: Ball
1-0: SINGLE (Line Drive, 4MD)
Batting: RHB Greg Robinson 0-0: Fielders Choice at 2nd, 1-4 (Groundball, 23)
Batting: LHB Dave Harris 0-0: Foul Ball, location: 2F
0-1: SINGLE (Line Drive, 6D)
Greg Robinson to second
Batting: RHB Chris Simons 0-0: Ball
1-0: Fly out, F2 (Popup, 2RF)
Batting: RHB Tim Godwin 0-0: Ball
1-0: Fly out, F8 (Flyball, 8RS)
Bottom of the 6th over - 0 run(s), 2 hit(s), 0 error(s), 2 left on base; Sylvania 3 - Warwick 9
TOP OF THE 7TH
Sylvania Maple Leaves batting - Pitching for Warwick Hunchbacks : RHP Pat Brown
Now at C: Ron Wallace
Batting: LHB Jim Unknown 0-0: Called Strike
0-1: Foul Ball, location: 2F
0-2: Ball
1-2: Ball
2-2: Fly out, F8 (Flyball, 8LM)
Batting: RHB Abdurahman Paloka 0-0: Ball
1-0: Ball
2-0: Called Strike
2-1: Foul Ball, location: 2F
2-2: Ground out 6-3 (Groundball, 6)
Batting: RHB Bartolo García 0-0: Foul Ball, location: 2F
0-1: Ball
1-1: Foul Ball, location: 2F
1-2: Ball
2-2: Ball
3-2: Fly out, F2 (Popup, 2RF)
Top of the 7th over - 0 run(s), 0 hit(s), 0 error(s), 0 left on base; Sylvania 3 - Warwick 9
BOTTOM OF THE 7TH
Warwick Hunchbacks batting - Pitching for Sylvania Maple Leaves : RHP Dave Conley
Pitching: RHP Jim Unknown
Batting: LHB Ted Cracknell 0-0: Ball
1-0: Ball
2-0: Called Strike
2-1: Ground out 6-3 (Groundball, 6M)
Batting: RHB Julián Rocha 0-0: Foul Ball, location: 2F
0-1: Foul Ball, location: 2F
0-2: Strikes out swinging
Batting: RHB Ronald Sánchez 0-0: Ball
1-0: Foul Ball, location: 2F
1-1: Called Strike
1-2: Strikes out swinging
Bottom of the 7th over - 0 run(s), 0 hit(s), 0 error(s), 0 left on base; Sylvania 3 - Warwick 9
TOP OF THE 8TH
Sylvania Maple Leaves batting - Pitching for Warwick Hunchbacks : RHP Pat Brown
Pitching: RHP Jason Ackerman
Batting: RHB Jim Unknown 0-0: Ball
1-0: Called Strike
1-1: Foul Ball, location: 2F
1-2: Strikes out swinging
Batting: LHB Jim Vaughan 0-0: Swinging Strike
0-1: Ball
1-1: Swinging Strike
1-2: Strikes out swinging
Batting: LHB Chris Randolph 0-0: Ball
1-0: Called Strike
1-1: Ball
2-1: Foul Ball, location: 2F
2-2: Ground out 1-3 (Groundball, 13)
Top of the 8th over - 0 run(s), 0 hit(s), 0 error(s), 0 left on base; Sylvania 3 - Warwick 9
BOTTOM OF THE 8TH
Warwick Hunchbacks batting - Pitching for Sylvania Maple Leaves : RHP Jim Unknown
Batting: LHB Javier Pérez 0-0: Ball
1-0: Foul Ball, location: 2F
1-1: Ball
2-1: SOLO HOME RUN (Flyball, 7D), Distance : 376 ft
Pinch Hitting: SHB Cal James 0-0: Ball
1-0: SINGLE (Groundball, 34D)
Batting: RHB Greg Robinson 0-0: Ball
Cal James steals 2nd base
1-0: Ball
Wild Pitch!
Cal James to third
2-0: Foul Ball, location: 2F
2-1: Ball
3-1: Ground out 5-3 (Groundball, 5S)
Batting: LHB Dave Harris 0-0: Called Strike
0-1: Swinging Strike
0-2: Ball
1-2: Ball
2-2: Ground out 6-3 (Groundball, 6M)
Cal James scores
Batting: RHB Chris Simons 0-0: Called Strike
0-1: Ball
1-1: Foul Ball, location: 2F
1-2: Ground out 6-3 (Groundball, 6M)
Bottom of the 8th over - 2 run(s), 2 hit(s), 0 error(s), 0 left on base; Sylvania 3 - Warwick 11
TOP OF THE 9TH
Sylvania Maple Leaves batting - Pitching for Warwick Hunchbacks : RHP Jason Ackerman
Now at 3B: Cal James
Batting: RHB José Valdéz 0-0: Ball
1-0: Foul Ball, location: 2F
1-1: Ground out U3 (Groundball, 3L)
Batting: RHB Jim Unknown 0-0: Called Strike
0-1: Ball
1-1: Foul Ball, location: 2F
1-2: Ball
2-2: Strikes out swinging
Batting: RHB Bob MacGruder 0-0: Ball
1-0: Ground out 6-3 (Groundball, 56)
Top of the 9th over - 0 run(s), 0 hit(s), 0 error(s), 0 left on base; Sylvania 3 - Warwick 11
This league is powered by Out of the Park Baseball, the baseball management simulation game for PC, Mac and Linux
Saturday, February 27th, 2021 - OOTP Baseball 15.6 Build 34